 Dungeon Crawl Stone Soup version 0.29.1-2-gbd0b4ee654 (webtiles) character file.

Game seed: 3566322791449618793

114 zermelo the Chopper (level 5, -4/41 HPs)
             Began as a Formicid Berserker on Nov 30, 2022.
             Was a Follower of Trog.
             Killed from afar by a white imp (9 damage)
             ... with a puff of frost
             ... summoned by Natasha
             ... on level 3 of the Dungeon.
             The game lasted 00:13:57 (2454 turns).

zermelo the Chopper (Formicid Berserker)            Turns: 2454, Time: 00:13:58

Health: -4/41      AC: 10    Str: 24    XL:     5   Next: 18%
Magic:  5/5        EV: 11    Int:  6    God:    Trog [*.....]
Gold:   196        SH:  0    Dex: 13    Spells: 4/4 levels left

rFire   . . .      SeeInvis +   a - +0 hand axe
rCold   . . .      Faith    .   (no shield)
rNeg    . . .      Spirit   .   i - +1 ring mail
rPois   .          Reflect  .   (helmet unavailable)
rElec   .          Harm     .   m - +0 cloak
rCorr   .          Rampage  .   f - +2 pair of gloves
Will    .....                   (no boots)
Stlth   +.........              (no amulet)
HPRegen 0.13/turn               l - ring of see invisible
MPRegen 0.09/turn               (no ring)

@: no status effects
A: permanent stasis, dig shafts and tunnels, antennae 3, four strong arms
a: Dig, Shaft Self, Renounce Religion


You were on level 3 of the Dungeon.
You worshipped Trog.
Trog was aware of your devotion.
You visited 1 branch of the dungeon, and saw 3 of its levels.

You collected 196 gold pieces.

Inventory:

Hand Weapons
 a - a +0 hand axe (weapon)
Missiles
 b - 6 poisoned darts
 n - 4 javelins
Armour
 f - a +2 pair of gloves (worn)
 i - a +1 ring mail (worn)
 m - a +0 cloak (worn)
Jewellery
 k - a ring of fire
 l - a ring of see invisible (left hand)
Scrolls
 d - a scroll of poison
 h - 3 scrolls of amnesia
 o - 2 scrolls of identify
Potions
 c - a potion of mutation {unknown}
 e - a potion of brilliance {unknown}
 g - 2 potions of curing {unknown}
 j - a potion of flight {unknown}


   Skills:
 - Level 3.3 Fighting
 + Level 5.4 Axes
 - Level 2.2 Armour
 - Level 1.7 Dodging


You had 4 spell levels left.
You didn't know any spells.
Your spell library was empty.

Dungeon Overview and Level Annotations

Branches:
Dungeon (3/15)

Altars:
Qazlal
Wu Jian
Xom

Shops:
D:2 *

Annotations:
D:3 Natasha


Innate Abilities, Weirdness & Mutations

You cannot be hasted, slowed, berserked, paralysed or teleported.
You can dig through walls and to a lower floor.
You have a pair of large antennae on your head. (SInv)
Your four strong arms can wield two-handed weapons with a shield.


Message History

Natasha is lightly wounded.
Natasha claws you.
You hit Natasha.
Natasha is moderately wounded.
Natasha casts a spell.
You hit Natasha.
Natasha is severely wounded.
Natasha zaps a wand.
The bolt of light hits you!
You are confused.
You are too injured to fight recklessly!
You are too injured to fight recklessly!
You are too injured to fight recklessly!
You are too injured to fight recklessly!
You are too injured to fight recklessly!
You are too injured to fight recklessly!
You are too injured to fight recklessly!
You are too injured to fight recklessly!
You are too injured to fight recklessly!
You are too injured to fight recklessly!
You are too injured to fight recklessly!
You are too injured to fight recklessly!
You are too injured to fight recklessly!
You are too injured to fight recklessly!
You are too injured to fight recklessly!
You are too injured to fight recklessly!
You are too injured to fight recklessly!
You are too injured to fight recklessly!
You are too injured to fight recklessly!
Okay, then.
You're too confused to move!
Natasha closely misses you.
You feel less confused.
Natasha zaps a wand.
The bolt of light hits you!
* * * LOW HITPOINT WARNING * * *
The white imp gestures at you. The puff of frost hits you!
* * * LOW HITPOINT WARNING * * *
Natasha claws you but does no damage. The white imp gestures at you.
The puff of frost hits you!
You die...

#...###.......
##########.### #.##.###
#........#.# ##.......
#..~.§...#.# #........
#....§.§.#.# #........
#..§.§.....# #..:.....
#....~§..#.####........
#..~...5.....###.......
##.....@h.....# #.......
#....####...<.# #.......
###.##..........# ######.#
##...#######.....# #.#
#..####.# #.....# #.#
#.##..P# ###.....########.#
#.##PPP##.##...............
##..PP.PP# #.....#######.##
###...P...######..# #.##


You could see Natasha and a white imp (summoned).

Vanquished Creatures
  Natasha (twice) (D:3)
  2 adders
  2 worms
  2 dart slugs (D:1)
  An orc (D:3)
  3 ball pythons
  4 bats
  2 endoplasms
  A giant cockroach (D:1)
  3 goblins
  4 hobgoblins
  A quokka (D:1)
  2 frilled lizards
  5 kobolds
  3 rats
37 creatures vanquished.

Vanquished Creatures (others)
  A demonic plant (D:3)
  A fungus (D:3)
  3 plants (D:3)
5 creatures vanquished.

Grand Total: 42 creatures vanquished

Notes
Turn   | Place    | Note
-------+----------+-------------------------------------------
     0 | D:1      | zermelo the Formicid Berserker began the quest for the Orb.
     0 | D:1      | Reached XP level 1. HP: 18/18 MP: 1/1
   130 | D:1      | Reached XP level 2. HP: 13/24 MP: 2/2
   832 | D:2      | Reached XP level 3. HP: 29/29 MP: 3/3
   854 | D:2      | Reached skill level 4 in Axes
  1067 | D:2      | Found Raezxuyd's Assorted Antiques.
  1359 | D:3      | Found a faded altar of an unknown god.
  1438 | D:3      | Found a stormy altar of Qazlal.
  1467 | D:3      | Reached XP level 4. HP: 17/35 MP: 4/4
  1766 | D:3      | Identified the +11 flail of Hepliaklqana's Grace {vorpal,
                  | Fragile rPois Str+10 Dex+4}
  1768 | D:3      | Found a shimmering altar of Xom.
  1798 | D:3      | Found an ornate altar of the Wu Jian Council.
  1948 | D:3      | Noticed Natasha
  1958 | D:3      | Killed Natasha
  1959 | D:3      | Reached skill level 5 in Axes
  2342 | D:3      | Noticed Natasha
  2351 | D:3      | Killed Natasha
  2352 | D:3      | Reached XP level 5. HP: 38/41 MP: 5/5
  2444 | D:3      | Noticed Natasha
  2454 | D:3      | Killed from afar by a white imp

Illustrated notes

Levels and vault maps discovered:
D:1:      heliophobic_arrival_henge, layout_rooms
D:2:      layout_rooms, serial_shops, nicolae_shop_hallway_stairs,
          chequers_serial_rivers_small_b
D:3:      minmay_door_path, layout_rooms, nicolae_qazlal_scattered_showers,
          mainiacjoe_overflow_catwalk_spiral, shapermc_ecumenical_altar_gd,
          uniq_natasha

Skill      XL: |  1  2  3  4 |
---------------+-------------+-----
Axes           | 4 5 |  5.4
Fighting       | |  3.3
Armour         | |  2.2
Dodging        | |  1.7

Action                   |  1- 3 |  4- 6 || total
-------------------------+-------+-------++-------
Melee: Hand axe          |    96 |    37 ||   133
       Punch             |     1 |       ||     1
  Use: Scroll            |     4 |       ||     4
Armor: Animal skin       |    11 |       ||    11
       Ring mail         |    24 |    13 ||    37
Dodge: Dodged            |    43 |    22 ||    65
